 Dungeon Crawl Stone Soup version 0.26-a0-720-g2a1d101370 (webtiles) character file.

Game seed: 2384767707760903014

161866 Radmirchik the Warrior (level 16, 0/157 HPs)
             Began as a Minotaur Berserker on Nov 3, 2020.
             Was a High Priest of Trog.
             Splashed with acid (10 damage)
             ... on level 1 of the Pits of Slime.
             The game lasted 02:36:28 (31530 turns).

Radmirchik the Warrior (Minotaur Berserker)        Turns: 31530, Time: 02:36:28

Health: 0/157      AC: 29    Str: 38    XL:     16   Next: 95%
Magic:  15/15      EV:  7    Int:  4    God:    Trog [*****.]
Gold:   2666       SH: 22    Dex: 10    Spells: 15/15 levels left

rFire    . . .     SeeInvis .   J - +9 demon trident (elec)
rCold    + . .     Faith    +   s - +0 tower shield
rNeg     + . .     Spirit   .   I - +2 plate armour {rC+}
rPois    .         Reflect  .   f - +2 hat
rElec    .         Harm     .   a - +2 cloak {rCorr}
rCorr    +         Rampage  .   B - +2 pair of gloves {Str+3}
MR       +....                  q - +0 pair of boots
Stlth    ..........             j - amulet of faith
HPRegen  0.36/turn              w - +6 ring of strength
MPRegen  0.14/turn              R - ring of positive energy

@: flying
A: retaliatory headbutt, horns 2
}: 1/15 runes: decaying
a: Berserk, Trog's Hand, Brothers in Arms, Renounce Religion


You were on level 1 of the Pits of Slime.
You worshipped Trog.
Trog was extremely pleased with you.
You visited 6 branches of the dungeon, and saw 27 of its levels.
You also visited: Ossuary and Ice Cave.

You collected 2916 gold pieces.
You spent 250 gold pieces at shops.

Inventory:

Hand Weapons
 J - a +9 demon trident of electrocution (weapon)
Armour
 a - a +2 cloak of preservation (worn)
 f - a +2 hat (worn)
 q - a +0 pair of boots (worn)
 s - a +0 tower shield (worn)
 B - a +2 pair of gloves of strength (worn)
 I - a +2 plate armour of cold resistance (worn)
 K - the +1 pair of gloves of Valiance {MR+ Int+6}
   (You took it off Nikola on level 4 of the Swamp)

   It affects your intelligence (+6).
   It affects your resistance to hostile enchantments.
Jewellery
 i - an uncursed ring of protection from cold
 j - an amulet of faith (around neck)
 w - a +6 ring of strength (left hand)
 R - a ring of positive energy (right hand)
 Y - an uncursed amulet of reflection
Wands
 D - a wand of iceblast (42)
 M - a wand of flame (55)
 V - a wand of acid (10)
 W - a wand of digging (11)
Scrolls
 c - 5 scrolls of fog
 d - 3 scrolls of fear
 k - 4 scrolls of identify
 m - 4 scrolls of immolation
 o - 2 scrolls of magic mapping
 p - 5 scrolls of teleportation
 u - 19 scrolls of remove curse
 x - 6 scrolls of amnesia
 y - 3 scrolls of noise
 A - 2 scrolls of summoning
 C - 3 scrolls of enchant weapon
 F - 4 scrolls of enchant armour
 N - a scroll of vulnerability {unknown}
 O - a scroll of holy word {unknown}
 S - a scroll of blinking {unknown}
 T - 2 scrolls of silence
Potions
 b - 7 potions of heal wounds
 e - a potion of magic
 g - 3 potions of invisibility
 h - 9 potions of curing
 l - 8 potions of flight
 n - a potion of cancellation
 t - 6 potions of ambrosia
 v - 2 potions of haste
 z - 4 potions of berserk rage
 E - 5 potions of might
 L - 8 potions of resistance
 P - 2 potions of stabbing


   Skills:
 + Level 18.3 Fighting
   Level 15.9 Long Blades
 * Level 14.0 Polearms
 + Level 15.1 Armour
 - Level 2.1 Dodging
 * Level 14.3 Shields
 + Level 8.1 Evocations


You had 15 spell levels left.
You didn't know any spells.
Your spell library was empty.

Dungeon Overview and Level Annotations

Branches:
Dungeon (13/15)            Temple (0/1) D:5            Lair (6/6) D:8
  Swamp (4/4) Lair:2        Snake (0/4) Lair:4        Slime (1/5) Lair:6
    Orc (2/2) D:10            Elf (1/3) Orc:2        Vaults (0/5) D:13
Ossuary (visited)           IceCv (visited)

Altars:
Ashenzari
Cheibriados
Elyvilon
Gozag
Kikubaaqudgha
Okawaru
Sif Muna
Xom
Zin
Beogh
Jiyva

Shops:
D:2 *   D:4 !   D:9 :   Orc:2 *:!!


Innate Abilities, Weirdness & Mutations

You reflexively headbutt those who attack you in melee.
You have a pair of horns on your head.


Message History

You are splashed with acid.
You resist.
You are splashed with acid!
You resist.
You are splashed with acid.
You resist.
You are splashed with acid.
You resist.
You are splashed with acid!
You resist.
You are splashed with acid!
You resist.
Press: ? - help, Shift-Dir - straight line A slime covered rock wall.
The slime shatters into small pieces.
You are splashed with acid!
You resist.
You are splashed with acid!!
You resist.
You are splashed with acid!
You resist.
You are splashed with acid!!
You resist.
* * * LOW HITPOINT WARNING * * *
You feel very buoyant.
You fly up into the air.
You are splashed with acid!
You resist.
* * * LOW HITPOINT WARNING * * *
You are splashed with acid!
You resist.
* * * LOW HITPOINT WARNING * * *
You are splashed with acid!
You resist.
You die...

###..## ***** ......####
**,**, .......#.##
*,,,** ..........#
**,**, .......#.##
*,,,,, .....##...##
**,**, ...........# ###
*,,,,,
..........####.#########
**,,,,
......<....#....@......#
**,,,
...............#########
*,,,, .............###
**,,, ...#.......###
**,,, ...........# *,,,,
..........## **,**
...........# ****
...........## *
............#


There were no monsters in sight!

Vanquished Creatures
  Jorgrun (Swamp:2)
  Rupert (Lair:3)
  The ghost of Qehui the Warrior, an adept KoHu of Okawaru (Swamp:3)
  2 acid blobs
  2 thorn hunters
  Donald (Swamp:1)
  An orc warlord (Orc:1)
  Nessos (Lair:4)
  Snorg (D:10)
  Josephine (Swamp:1)
  Erolcha (Orc:2)
  A fire dragon (Lair:6)
  The ghost of thethe the Destroyer, a journeyman TeCj of Vehumet (Lair:2)
  2 shambling mangroves
  A ghost crab (Swamp:1)
  3 boulder beetles
  Harold (D:7)
  A centaur warrior (D:12)
  Erica (D:10)
  5 two-headed ogres
  11 death yaks (Lair:6)
  9 hydras
  2 catoblepae
  11 alligators
  3 orc high priests (Orc:2)
  Nergalle (Lair:4)
  Sonja (Lair:4)
  3 spriggans
  A spriggan druid (Swamp:4)
  8 swamp dragons
  A lindwurm (Lair:6)
  5 orc knights (Orc:2)
  The ghost of anet the Magician, a novice DECj of Ashenzari (D:8)
  Pikel (D:7)
  3 deep elf magi
  2 ugly things
  6 orc sorcerers
  A manticore (D:11)
  17 elephants
  2 torpor snails (Lair:6)
  Psyche (D:12)
  Maurice (D:10)
  2 ice statues (IceCv)
  A centaur zombie (D:13)
  10 black mambas
  29 cane toads
  3 rime drakes
  7 komodo dragons
  A kobold demonologist (D:12)
  3 trolls
  21 polar bears
  7 tyrant leeches
  A wind drake (shapeshifter) (D:12)
  Prince Ribbit (D:7)
  A raiju (Lair:6)
  8 blink frogs
  11 hornets
  17 slime creatures
  7 bog bodies
  10 dream sheep
  A shadow (D:12)
  5 wraiths
  47 yaks
  21 vampire mosquitoes
  8 wyverns
  2 steam dragons
  7 basilisks
  2 golden eyes (Slime:1)
  A death yak simulacrum (Lair:2)
  13 swamp worms
  4 wargs
  A spectral cane toad (Lair:2)
  19 insubstantial wisps
  13 hell hounds (Lair:6)
  An acid dragon (Lair:6)
  24 water moccasins
  18 orc warriors
  4 ice beasts
  13 black bears
  5 sky beasts
  13 swamp drakes
  A phantom (D:4)
  An eye of draining (Slime:1)
  6 centaurs
  A necrophage (D:7)
  8 ogres
  14 wolves
  3 lemures (D:7)
  2 big kobolds
  8 bullfrogs
  An elf skeleton (D:7)
  A gnoll sergeant (D:11)
  2 cane toad simulacra (Lair:2)
  2 water moccasin zombies
  6 scorpions
  5 jellies
  6 wights
  10 killer bees
  2 howler monkeys
  3 vampire bats (Lair:2)
  4 electric eels
  2 bullfrog zombies
  6 hounds
  A torpor snail simulacrum (Lair:2)
  17 orc wizards
  2 human zombies
  17 orc priests
  Crazy Yiuf (D:6)
  3 centaur skeletons
  3 human skeletons (D:7)
  3 iguanas
  11 worker ants
  A big kobold zombie (Ossuary)
  4 hound zombies (Ossuary)
  4 mummies (Ossuary)
  2 hound skeletons
  10 gnolls
  A howler monkey skeleton (D:9)
  16 adders
  3 shadow imps
  2 white imps
  3 ufetubi
  An ooze (D:4)
  3 adder skeletons
  8 worms
  A dart slug (D:2)
  5 leopard geckos
  71 orcs
  8 bats
  10 giant cockroaches
  2 gnoll zombies (Ossuary)
  5 hobgoblins
  9 jackals
  13 kobolds
  3 quokkas
  A frilled lizard (D:4)
  9 goblins
  2 goblin zombies (Ossuary)
  A kobold zombie (Ossuary)
  A leopard gecko skeleton (D:4)
  An orc skeleton (D:7)
  An orc zombie (Ossuary)
  A quokka skeleton (D:5)
  A quokka zombie (D:7)
  12 rats
849 creatures vanquished.

Vanquished Creatures (collateral kills)
  Nikola (Swamp:4)
  A frost giant (IceCv)
  6 hydras
  2 two-headed ogres (D:13)
  4 alligators
  2 spriggans (Swamp:4)
  An unseen horror (D:12)
  4 swamp dragons (Swamp:4)
  A wizard (D:13)
  An orc knight (Orc:1)
  An orc sorcerer (Orc:1)
  A manticore (Lair:6)
  A gargoyle (D:13)
  3 rime drakes (Swamp:4)
  2 trolls
  6 polar bears
  2 hornets (Swamp:4)
  4 slime creatures
  A bog body (Swamp:4)
  19 yaks
  2 vampire mosquitoes
  A warg (Lair:6)
  A water moccasin (Lair:1)
  3 orc warriors
  2 swamp drakes
  3 hell hounds (Lair:6)
  A black bear (D:13)
  An ogre (Orc:2)
  3 wolves (Lair:6)
  A lemure (D:7)
  A bullfrog (Lair:4)
  A cane toad simulacrum (Lair:2)
  A killer bee (D:13)
  9 wights (D:13)
  4 orc priests
  An orc wizard (Orc:1)
  7 orcs
105 creatures vanquished.

Vanquished Creatures (others)
  A tyrant leech (Swamp:4)
  2 vampire mosquitoes (Swamp:4)
  A swamp drake (Swamp:2)
  An orc (Orc:1)
  26 fungi
  69 plants
100 creatures vanquished.

Grand Total: 1054 creatures vanquished

Notes
Turn   | Place    | Note
-------+----------+-------------------------------------------
     0 | D:1      | Radmirchik the Minotaur Berserker began the quest for the
                  | Orb.
     0 | D:1      | Reached XP level 1. HP: 19/19 MP: 0/0
   271 | D:1      | Reached XP level 2. HP: 23/27 MP: 1/1
   372 | D:1      | Reached skill level 4 in Fighting
   711 | D:2      | Noticed a centaur
   713 | D:2      | Noticed a scorpion
   715 | D:2      | Killed a centaur
   715 | D:2      | Reached XP level 3. HP: 24/35 MP: 2/2
   715 | D:2      | Reached XP level 4. HP: 28/41 MP: 3/3
   718 | D:2      | Reached ** piety under Trog
   718 | D:2      | Reached skill level 5 in Fighting
   718 | D:2      | Reached skill level 5 in Long Blades
   721 | D:2      | Reached XP level 5. HP: 33/48 MP: 4/4
  1000 | D:2      | Found Gozag's Platinum Reserve.
  1266 | D:2      | Found an opulent altar of Gozag.
  1884 | D:3      | Reached XP level 6. HP: 57/57 MP: 5/5
  2015 | D:3      | Reached skill level 6 in Fighting
  2019 | D:3      | Reached *** piety under Trog
  2129 | D:3      | Found an iron altar of Okawaru.
  2129 | D:3      | Found a glowing silver altar of Zin.
  2880 | D:4      | Found a broken altar of Ashenzari.
  3241 | D:4      | Reached XP level 7. HP: 43/64 MP: 6/6
  3569 | D:4      | Found Xacsippi's Distillery.
  3572 | D:4      | Bought a potion of heal wounds for 60 gold pieces
  3668 | D:4      | Reached skill level 7 in Fighting
  3900 | D:5      | Entered Level 5 of the Dungeon
  3904 | D:5      | Reached skill level 5 in Armour
  3955 | D:5      | Reached **** piety under Trog
  4353 | D:5      | Found a staircase to the Ecumenical Temple.
  4374 | D:5      | Reached skill level 8 in Fighting
  4374 | D:5      | Reached XP level 8. HP: 55/74 MP: 7/7
  4617 | D:5      | Found the +7 Spriggan's Knife {stab, EV+4 Stlth+}
  5032 | D:6      | Found a white marble altar of Elyvilon.
  5063 | D:6      | Reached skill level 9 in Fighting
  5260 | D:6      | Got a shimmering spear
  5304 | D:6      | Found a runed translucent door.
  5305 | D:6      | Noticed Crazy Yiuf
  5310 | D:6      | Killed Crazy Yiuf
  5385 | D:6      | Found an ancient bone altar of Kikubaaqudgha.
  5788 | D:6      | Found a snail-covered altar of Cheibriados.
  5789 | D:6      | Identified the +4 spear "Grim Tooth" {venom, *Contam rElec
                  | MR+++ Str-4} (You found it on level 6 of the Dungeon)
  5897 | D:7      | Found a sand-covered staircase.
  5902 | Ossuary  | Entered an ossuary
  5919 | Ossuary  | Reached ***** piety under Trog
  5921 | Ossuary  | Reached XP level 9. HP: 85/85 MP: 8/8
  6195 | D:7      | Noticed Prince Ribbit
  6337 | D:7      | Noticed Harold
  6341 | D:7      | Noticed Pikel
  6354 | D:7      | Killed Pikel
  6354 | D:7      | Reached skill level 10 in Fighting
  6354 | D:7      | Reached skill level 10 in Long Blades
  6357 | D:7      | Killed Harold
  6791 | D:7      | Reached skill level 11 in Fighting
  6805 | D:7      | Killed Prince Ribbit
  7212 | D:7      | Reached XP level 10. HP: 95/95 MP: 9/9
  7414 | D:8      | Noticed a two-headed ogre
  7428 | D:8      | Killed a two-headed ogre
  7750 | D:8      | Noticed anet's ghost (novice DECj)
  7752 | D:8      | Found a runed translucent door.
  7768 | D:8      | Killed anet's ghost
  7768 | D:8      | Reached skill level 12 in Fighting
  7881 | D:8      | Found a staircase to the Lair.
  8112 | D:8      | Received a gift from Trog
  8473 | D:8      | Reached XP level 11. HP: 83/105 MP: 10/10
  8630 | D:9      | Found Garphujo's Book Emporium.
  8753 | D:9      | Reached skill level 13 in Fighting
  9127 | D:9      | Found a shimmering blue altar of Sif Muna.
  9185 | D:10     | Entered Level 10 of the Dungeon
  9253 | D:10     | Noticed Snorg
  9276 | D:10     | Killed Snorg
  9474 | D:10     | You fall into a shaft and drop 3 floors!
  9475 | D:13     | Noticed a two-headed ogre
  9485 | D:13     | Killed a two-headed ogre
  9605 | D:13     | Reached skill level 10 in Armour
  9968 | D:13     | Noticed a wizard
  9968 | D:13     | Noticed a two-headed ogre
  9969 | D:13     | Noticed a two-headed ogre
  9972 | D:13     | Killed a two-headed ogre
  9974 | D:13     | Killed a wizard
  9975 | D:13     | Killed a two-headed ogre
  9975 | D:13     | Reached skill level 14 in Fighting
 10071 | D:13     | Noticed a green ugly thing
 10083 | D:13     | Killed a green ugly thing
 10570 | D:13     | Found a gate to the Vaults.
 10908 | D:12     | Noticed Psyche
 10917 | D:12     | Killed Psyche
 10917 | D:12     | Received a gift from Trog
 11140 | D:12     | Noticed a two-headed ogre
 11152 | D:12     | Killed a two-headed ogre
 11237 | D:12     | Noticed a centaur warrior
 11283 | D:12     | Killed an unseen horror
 11283 | D:12     | Reached XP level 12. HP: 54/117 MP: 11/11
 11371 | D:12     | Killed a centaur warrior
 11993 | D:12     | Reached skill level 15 in Fighting
 11993 | D:12     | Reached skill level 15 in Long Blades
 12167 | D:12     | Noticed a two-headed ogre
 12175 | D:12     | Killed a two-headed ogre
 12897 | D:11     | Noticed a two-headed ogre
 12909 | D:11     | Killed a two-headed ogre
 12969 | D:11     | Noticed a boulder beetle
 12989 | D:11     | Killed a boulder beetle
 13803 | D:10     | Received a gift from Trog
 13924 | D:10     | Reached skill level 1 in Shields
 14489 | D:10     | Noticed Erica
 14504 | D:10     | Killed Erica
 14504 | D:10     | Reached skill level 1 in Evocations
 14592 | D:10     | Noticed Maurice
 14605 | D:10     | Killed Maurice
 14675 | D:10     | Found a staircase to the Orcish Mines.
 14803 | Lair:1   | Entered Level 1 of the Lair of Beasts
 14812 | Lair:1   | Reached skill level 1 in Polearms
 14822 | Lair:1   | Reached skill level 16 in Fighting
 14822 | Lair:1   | Reached XP level 13. HP: 78/127 MP: 12/12
 14823 | Lair:1   | Received a gift from Trog
 15601 | Lair:1   | HP: 6/128 [komodo dragon (14)]
 15882 | Lair:2   | Reached skill level 5 in Shields
 15927 | Lair:2   | Found a shimmering altar of Xom.
 16059 | Lair:2   | Found a runed translucent gate.
 16059 | Lair:2   | Found a runed translucent gate.
 16059 | Lair:2   | Found a runed translucent gate.
 16060 | Lair:2   | Noticed thethe's ghost (journeyman TeCj)
 16380 | Lair:2   | Killed thethe's ghost
 16406 | Lair:2   | Identified the Catalogue of the Magi
 16556 | Lair:2   | Found a staircase to the Swamp.
 17017 | Lair:3   | Noticed Rupert
 17027 | Lair:3   | Killed Rupert
 17027 | Lair:3   | Reached skill level 5 in Polearms
 18093 | Lair:4   | Found a staircase to the Snake Pit.
 18167 | Lair:4   | Noticed Nessos
 18177 | Lair:4   | Noticed Sonja
 18494 | Lair:4   | Noticed Nergalle
 18506 | Lair:4   | Killed Nergalle
 18766 | Lair:4   | Found the +6 lightning scales {run, rElec}
 18843 | Lair:4   | Killed Nessos
 18843 | Lair:4   | Reached XP level 14. HP: 131/138 MP: 13/13
 19257 | Lair:4   | Killed Sonja
 19528 | Lair:5   | Found a frozen archway.
 19535 | IceCv    | Entered an ice cave
 20296 | IceCv    | Noticed a frost giant
 20305 | IceCv    | Killed a frost giant
 21560 | Lair:6   | Entered Level 6 of the Lair of Beasts
 21581 | Lair:6   | Reached skill level 5 in Evocations
 21950 | Lair:6   | Reached skill level 17 in Fighting
 21953 | Lair:6   | Reached skill level 10 in Shields
 21963 | Lair:6   | Received a gift from Trog
 22414 | Lair:6   | Reached skill level 10 in Polearms
 22615 | Lair:6   | Reached XP level 15. HP: 107/147 MP: 14/14
 23439 | Lair:6   | Found a runed translucent door.
 23439 | Lair:6   | Found a viscous altar of Jiyva.
 23440 | Lair:6   | Found a staircase to the Slime Pits.
 23440 | Lair:6   | Noticed an acid blob
 23450 | Lair:6   | Killed an acid blob
 24112 | Orc:1    | Entered Level 1 of the Orcish Mines
 24112 | Orc:1    | Noticed an orc warlord
 24125 | Orc:1    | Killed an orc warlord
 24377 | Orc:1    | Received a gift from Trog
 24610 | Orc:2    | Entered Level 2 of the Orcish Mines
 24648 | Orc:2    | Found a roughly hewn altar of Beogh.
 24703 | Orc:2    | Found Vygim's Assorted Antiques.
 24971 | Orc:2    | Found Riywuzxo's Distillery.
 24977 | Orc:2    | Bought a potion of heal wounds for 55 gold pieces
 24977 | Orc:2    | Bought a potion of heal wounds for 55 gold pieces
 24977 | Orc:2    | Found Leogg's Distillery.
 24979 | Orc:2    | Found Zeyckell's Book Shop.
 24985 | Orc:2    | Bought a potion of heal wounds for 80 gold pieces
 25023 | Orc:2    | Noticed Erolcha
 25027 | Orc:2    | Killed Erolcha
 25151 | Orc:2    | Found a staircase to the Elven Halls.
 25222 | Orc:2    | Received a gift from Trog
 25557 | Elf:1    | Entered Level 1 of the Elven Halls
 25951 | Swamp:1  | Entered Level 1 of the Swamp
 25981 | Swamp:1  | Noticed Josephine
 25995 | Swamp:1  | Killed Josephine
 26348 | Swamp:1  | Noticed Donald
 26358 | Swamp:1  | Killed Donald
 26860 | Swamp:1  | Reached XP level 16. HP: 157/157 MP: 15/15
 26907 | Swamp:1  | Received a gift from Trog
 27278 | Swamp:2  | Noticed a thorn hunter
 27302 | Swamp:2  | Killed a thorn hunter
 28315 | Swamp:2  | You fall into a shaft and drop 1 floor!
 28482 | Swamp:2  | Noticed Jorgrun
 28495 | Swamp:2  | Killed Jorgrun
 28878 | Swamp:3  | Reached skill level 18 in Fighting
 29104 | Swamp:3  | Found a transporter.
 29107 | Swamp:3  | Noticed Qehui's ghost (adept KoHu)
 29117 | Swamp:3  | Found a transporter.
 29139 | Swamp:3  | Killed Qehui's ghost
 29291 | Swamp:4  | Entered Level 4 of the Swamp
 29894 | Swamp:4  | Identified the +1 pair of gloves of Valiance {MR+ Int+6}
 29894 | Swamp:4  | Noticed Nikola
 29912 | Swamp:4  | Killed Nikola
 29927 | Swamp:4  | Noticed a thorn hunter
 29932 | Swamp:4  | Received a gift from Trog
 29932 | Swamp:4  | Reached skill level 15 in Armour
 29937 | Swamp:4  | Killed a thorn hunter
 30443 | Swamp:4  | Got a decaying rune of Zot
 31281 | Slime:1  | Entered Level 1 of the Pits of Slime
 31281 | Slime:1  | Noticed an acid blob
 31293 | Slime:1  | Killed an acid blob
 31530 | Slime:1  | Splashed with acid

Illustrated notes

Levels and vault maps discovered:
D:1:      beargit_arrival_greenhouse, layout_loops_cross
D:2:      layout_rooms, nicolae_gozag_zags_fifth_avenue
D:3:      layout_loops_ring, gammafunk_temple_overflow_elements,
          gup_sewer_entry_spiral, grunt_ministairs_5, roderic_cross_of_infinity,
          minmay_fractal_squares_diagonal_5
D:4:      layout_loops_cross, old_standard_altar, serial_shops,
          nicolae_shop_behind_doors
D:5:      minmay_evil_eye, layout_cave_pools, minmay_temple_entry_glassed_door
D:6:      layout_loops_ring, nicolae_overflow_crystal_walls, old_standard_altar,
          chei_slow_surprise, uniq_crazy_yiuf_cottage
D:7:      layout_gridville, nicolae_ossuary_entry_catacombs, uniq_harold,
          uniq_prince_ribbit1, uniq_pikel
D:8:      layout_loops_corners, minmay_lair_entry_grove,
          hellmonk_ghost_happy_afterlife
D:9:      layout_basic, led_sif_pool, serial_shops, nicolae_shop_waterfront,
          corexii_hall_statues_u
D:10:     layout_roguey, erik_orc_2, uniq_maurice, uniq_erica, uniq_snorg
D:11:     layout_roguey, small_statue_alley_a
D:12:     layout_long_grid, serial_bayou_pond_d, minmay_mirror_moons_of_madness,
          uniq_psyche
D:13:     layout_gridville, david_vaults_1
Lair:1:   layout_big_grid
Lair:2:   layout_long_grid, minmay_swamp_entry_swarm,
          gammafunk_ghost_necromancy, basic_altar, minivault_19,
          serial_bayou_pond_a, roderic_batcave
Lair:3:   layout_cave_pods, uniq_rupert
Lair:4:   layout_cave_pods, minmay_snake_entry_six_corridors,
          lemuel_fruit_fields, uniq_nessos, uniq_sonja, uniq_nergalle
Lair:5:   layout_loops_ring, portal_ice_cave_entry_pillars_2,
          grunt_megastairs_4, infiniplex_staircase_pool_2
Lair:6:   hangedman_lair_caniforms_friends, layout_loops_ring,
          guppyfry_lair_end_dragon, slime_altar_2
Swamp:1:  layout_basic_swamp, infiniplex_staircase_pool, uniq_josephine,
          uniq_donald
Swamp:2:  layout_falls_marsh, hangedman_swamp_blocks, swamp_pool4, uniq_jorgrun
Swamp:3:  layout_basic_swamp, gammafunk_ghost_arena, evilmike_swamp_ruin_house_2
Swamp:4:  swamp_alternative, layout_basic_swamp, swamp_pool5, lightli_tree_ring,
          uniq_nikola
Slime:1:  layout_caves
Orc:1:    layout_caves
Orc:2:    st_orc_elflike, layout_caves, basic_altar, uniq_erolcha
Elf:1:    minmay_elf_arrival_summoners, layout_gridlike, special_room
          [special_room_orc], gammafunk_ghost_cemetery, serial_shops,
          nicolae_shop_stone, hangedman_elven_crosses_minicolossus,
          grunt_ministairs_8

Skill      XL: |  1  2  3  4  5  6  7  8  9 10 11 12 13 14 15 16 |
---------------+-------------------------------------------------+-----
Fighting       | 4 5 6 8 9 11 12 14 16 17 18 | 18.3
Long Blades    | 4 5 6 7 9 11 12 14 15 | 15.9
Armour         | 3 4 5 6 8 9 10 11 12 13 14 15 | 15.1
Shields        | 3 7 10 12 14 | 14.3
Evocations     | 1 4 5 7 8 |  8.1
Polearms       | 1 7 10 12 14 | 14.0
Dodging        | |  2.1

Action                   |  1- 3 |  4- 6 |  7- 9 | 10-12 | 13-15 | 16-18 || total
-------------------------+-------+-------+-------+-------+-------+-------++-------
Melee: Falchion          |    33 |    18 |       |       |       |       ||    51
       Headbutt          |     8 |    20 |    66 |   203 |   211 |    87 ||   595
       Broad axe         |       |    96 |    73 |       |       |       ||   169
       Knife             |       |       |   246 |   663 |       |       ||   909
       Great sword       |       |       |       |    64 |       |       ||    64
       Demon trident     |       |       |       |    39 |  1077 |   436 ||  1552
Throw: Throwing net      |       |       |       |       |     2 |       ||     2
Invok: Berserk           |     1 |     4 |     5 |    12 |    18 |     7 ||    47
       Brothers in Arms  |       |       |     1 |     8 |    21 |     7 ||    37
       Trog's Hand       |       |       |       |       |    11 |     3 ||    14
Evoke: Wand              |       |       |       |       |     2 |     4 ||     6
  Use: Scroll            |       |       |     6 |     7 |    25 |     5 ||    43
       Potion            |       |       |     2 |     1 |    14 |     8 ||    25
 Stab: Sleeping          |       |     1 |       |     2 |       |       ||     3
       Petrified         |       |       |       |       |     2 |       ||     2
       Distracted        |       |       |       |       |     3 |     1 ||     4
       Petrifying        |       |       |       |       |     1 |       ||     1
       Confused          |       |       |       |       |       |     1 ||     1
Armor: Animal skin       |     8 |    13 |       |       |       |       ||    21
       Leather armour    |       |    20 |       |       |       |       ||    20
       Scale mail        |       |       |    76 |   269 |     4 |       ||   349
       Plate armour      |       |       |       |       |   555 |   211 ||   766
Dodge: Dodged            |    27 |    71 |   202 |   370 |   236 |    96 ||  1002
Block: Kite shield       |       |       |       |    29 |   402 |       ||   431
       Tower shield      |       |       |       |       |   221 |   361 ||   582
       Rpst.: Falchion   |     6 |     2 |       |       |       |       ||     8
       Great sword       |       |       |       |     3 |       |       ||     3

Table legend: (Time is in decaauts)
 A = Elapsed time spent in this place.
 B = Non-inter-level travel time spent in this place.
 C = Inter-level travel time spent in this place.
 D = Time resting spent in this place.
 E = Time spent auto-exploring this place.
 F = Levels seen in this place.
 G = Mean time per level.
                   A        B        C        D        E       F      G
               +--------+--------+--------+--------+--------+-----+--------+
         Total |  31811 |  29485 |   2326 |   3844 |  19991 |  29 | 1096.9 |
       Dungeon |  14751 |  13871 |    880 |   1349 |  10130 |  13 | 1134.7 |
          Lair |   8432 |   7437 |    995 |    860 |   5226 |   6 | 1405.3 |
         Swamp |   5402 |   5168 |    234 |   1363 |   2928 |   4 | 1350.5 |
    Slime Pits |    240 |    222 |     18 |      0 |    140 |   1 |  240.0 |
  Orcish Mines |   1674 |   1476 |    198 |      0 |   1139 |   2 |  837.0 |
   Elven Halls |     19 |     19 |      0 |      0 |      0 |   1 |   19.0 |
       Ossuary |    217 |    217 |      0 |      0 |    165 |   1 |  217.0 |
      Ice Cave |   1072 |   1072 |      0 |    271 |    261 |   1 | 1072.0 |
               +--------+--------+--------+--------+--------+-----+--------+

Top non-repeatable levels by time:
  Lair:6: 2385 daAuts
 Swamp:4: 1879 daAuts
    D:12: 1877 daAuts
  Lair:4: 1849 daAuts
 Swamp:1: 1572 daAuts
 Swamp:2: 1441 daAuts
    D:13: 1391 daAuts
    D:10: 1365 daAuts
     D:7: 1314 daAuts
     D:4: 1286 daAuts
     D:8: 1226 daAuts
     D:3: 1210 daAuts
  Lair:2: 1184 daAuts
   Orc:2: 1172 daAuts
  Lair:1: 1116 daAuts
